 Dungeon Crawl Stone Soup version 0.22-a0-609-gfedc9ff (webtiles) character file.

54 Hebeh the Sneak (level 3, -2/19 HPs)
             Began as a Deep Elf Fire Elementalist on July 10, 2018.
             Hit by a stone thrown by a gnoll (6 damage)
             ... on level 2 of the Dungeon.
             The game lasted 00:06:16 (1015 turns).

Hebeh the Sneak (Deep Elf Fire Elementalist)        Turns: 1015, Time: 00:06:16

Health: -2/19      AC:  2    Str:  6    XL:     3   Next: 66%
Magic:  10/10      EV: 13    Int: 19    God:
Gold:   33         SH:  0    Dex: 15    Spells: 3/9 levels left

rFire    . . .     SeeInvis .   d - +0 short sword
rCold    . . .     Gourm    .   (no shield)
rNeg     . . .     Faith    .   a - +0 robe
rPois    .         Spirit   .   (no helmet)
rElec    .         Reflect  .   (no cloak)
rCorr    .         Harm     .   (no gloves)
MR       .....                  (no boots)
Stlth    +++.......             (no amulet)
HPRegen  0.06/turn              (no ring)
MPRegen  0.12/turn              (no ring)

@: no status effects
A: no striking features
a: no special abilities


You were on level 2 of the Dungeon.
You were not hungry.

You visited 1 branch of the dungeon, and saw 2 of its levels.

You collected 33 gold pieces.

Inventory:

Hand Weapons
 d - a +0 short sword (weapon)
Missiles
 g - 29 stones (quivered)
 j - 25 sling bullets
Armour
 a - a +0 robe (worn)
Jewellery
 m - an uncursed amulet of the gourmand {unknown}
Scrolls
 b - a scroll of fear {unknown}
 i - a scroll of amnesia {unknown}
 l - a scroll of teleportation {unknown}
 o - a scroll of magic mapping {unknown}
Potions
 h - a potion of degeneration {unknown}
 n - 2 potions of heal wounds {unknown}
Comestibles
 c - 2 rations
 f - 2 chunks of flesh


   Skills:
 - Level 2.4 Dodging
 * Level 3.8 Stealth
 + Level 3.6 Spellcasting
 + Level 2.0 Conjurations
 + Level 3.7 Fire Magic


You had 3 spell levels left.
You knew the following spells:

 Your Spells              Type           Power        Failure   Level  Hunger
a - Flame Tongue          Conj/Fire      ##...        4%          1    None
b - Throw Flame           Conj/Fire      ##....       7%          2    ##.....
c - Conjure Flame         Conj/Fire      ##......     13%         3    ###....

Your spell library contained the following spells:

 Spells                   Type           Power        Failure   Level  Hunger
 Fireball                 Conj/Fire      ##........   77%         5    ######.
 Sticky Flame             Conj/Fire      ##......     41%         4    ####...
 Inner Flame              Hex/Fire       ##......     21%         3    ###....


Dungeon Overview and Level Annotations

Branches:
Dungeon (2/15)

Altars:
The Shining One


Message History

Some of the chunks of flesh in your inventory have rotted away.
The gnoll throws a stone.
The stone hits you but does no damage. The gnoll closely misses you.
You see here a stone.
The gnoll throws a stone.
The stone hits you.
There is a stone staircase leading up here.
The gnoll closely misses you.
You climb upwards.
There is a stone staircase leading down here.
You start resting.
Magic restored.
You start resting.
HP restored.
You climb downwards.
The gnoll hits you with a flail! The gnoll hits you with a club!
* * * LOW HITPOINT WARNING * * *
Some of the chunks of flesh in your inventory have rotted away.
There is a stone staircase leading up, spattered with blood here.
The gnoll misses you.
The gnoll throws a stone.
The stone hits you.
You die...

( #.# #...##
###....
#+###....##
....... +.[.g...#
.......
###.(#..##
.......
#..#...##.......
#..#....#.......
...#.g.('.......
#...#.(..#.......
#...#g@g.#.......
#...#....#.......
#...#....########
#....# ######


You could see 3 gnolls.

Vanquished Creatures
  A gnoll (D:2)
  An ooze (D:1)
  A worm (D:2)
  2 dart slugs (D:1)
  A leopard gecko (D:2)
  A bat (D:1)
  4 goblins
  2 hobgoblins (D:1)
  5 jackals
  4 kobolds (D:1)
  3 frilled lizards (D:1)
  7 rats (D:1)
32 creatures vanquished.

Notes
Turn   | Place    | Note
-------+----------+-------------------------------------------
     0 | D:1      | Hebeh the Deep Elf Fire Elementalist began the quest for the Orb.
     0 | D:1      | Reached XP level 1. HP: 10/10 MP: 6/6
   141 | D:1      | Reached XP level 2. HP: 15/15 MP: 2/8
   452 | D:1      | Found a glowing golden altar of the Shining One.
   607 | D:1      | Reached XP level 3. HP: 19/19 MP: 7/9
   762 | D:1      | Learned a level 2 spell: Throw Flame
   766 | D:1      | Learned a level 3 spell: Conjure Flame
  1015 | D:2      | Hit by a stone thrown by a gnoll

Vault maps used:
D:1:      lemuel_arrival_lava_pool, tso_metal_star
D:2:      lemuel_doored_altar, chequers_ecumenical_altar_simple_redux

Skill      XL: |  1  2  3 |
---------------+----------+-----
Stealth        | 3 |  3.8
Conjurations   | 2 |  2.0
Dodging        | |  2.4
Spellcasting   | |  3.6
Fire Magic     | |  3.7

Action                   || total
-------------------------++-------
Throw: Tomahawk          ||    31
       Javelin           ||    18
       Stone             ||     1
 Cast: Flame Tongue      ||    39
Armor: Robe              ||     6
Dodge: Dodged            ||    22

Table legend:
 A = Spawn XP
 B = Non-spawn XP
 C = Spawn XP percentage of total XP
 D = Spawn monster count
 E = Non-spawn monster count
 F = Spawn count percentage of total count
 G = Total turns spent on level
                    A         B        C        D         E        F      G
               +---------+---------+-------+---------+---------+-------+---------
         Total |       0 |      78 |   0.0 |       0 |      32 |   0.0 |  1015
               +---------+---------+-------+---------+---------+-------+---------
           D:1 |       0 |      45 |   0.0 |       0 |      24 |   0.0 |   921
           D:2 |       0 |      33 |   0.0 |       0 |       8 |   0.0 |    94
               +---------+---------+-------+---------+---------+-------+---------
